[Event "*** SCC Grand Prix: Titled Tuesday Blitz"]
[Site "Chess.com"]
[Date "2020.10.13"]
[Round "9"]
[White "tlomigtlis"]
[Black "Mr_Sinigami"]
[Result "0-1"]
[WhiteElo "2618"]
[BlackElo "2523"]
[TimeControl "180+1"]
[EndTime "11:46:04 PDT"]
[Termination "Mr_Sinigami won by checkmate"]

1. d4 Nf6 2. c4 g6 3. Nc3 Bg7 4. g3 d6 5. Bg2 O-O 6. Nf3 Nbd7 7. O-O e5 8. e4 exd4 9. Nxd4 Re8 10. h3 c6 11. Be3 a5 12. Qc2 Nc5 13. Rad1 Nfd7 14.
Rfe1 a4 15. f4 Qb6 16. Bf2 Qa6 17. Bf1 Nf8 18. Kh2 Nfe6 19. Nf3 Qa5 20. Rxd6 a3 21. e5 axb2 22. Qxb2 f6 23. exf6 Bxf6 24. Bd4 Bxd4 25.
Nxd4 Qc7 26. Ndb5 cxb5 27. Nxb5 Qa5 28. Re2 Bd7 29. Nc3 Bc6 30. Nd5 Bxd5 31. cxd5 Ng7 32. Rxe8+ Nxe8 33. Rb6 Qxa2 34. Bg2 Qxb2 35. Rxb2 Nd6 36.
Rb6 Rd8 37. g4 Kf7 38. h4 Ke7 39. Kh3 Kd7 40. g5 Kc7 41. Rb1 b5 42. Kg4 Kb6 43. h5 Rf8 44. hxg6 hxg6 45. Rb2 Rxf4+ 46. Kg3 Rf5 47. Kh4 Nd3 48. Re2 Nf4 49. Rf2 Nxg2+ 50. Rxg2 Rxd5 51. Rf2 Rf5 52. Re2 Rf4+ 53. Kg3 Re4 54.
Rd2 Nf5+ 55. Kf3 Rd4 56. Re2 Rd6 57. Kf4 b4 58. Ke5 Kb5 59. Rc2 b3 60. Rc8 Kb4 61. Rf8 Rb6 62. Rf6 Rb5+ 63. Ke6 b2 64. Rxg6 b1=Q 65.
Kf7 Rb7+ 66. Kf6 Rb6+ 67. Kf7 Nd6+ 68. Kg7 Ne8+ 69. Kf8 Qxg6 70. Ke7 Qg7+ 71. Kd8 Rb8# 0-1

[Event "*** SCC Grand Prix: Titled Tuesday Blitz"]
[Site "Chess.com"]
[Date "2020.10.13"]
[Round "9"]
[White "albi1999"]
[Black "swimmerchess"]
[Result "0-1"]
[WhiteElo "2628"]
[BlackElo "2782"]
[TimeControl "180+1"]
[EndTime "11:46:13 PDT"]
[Termination "swimmerchess won by resignation"]

1. d4 Nf6 2. c4 g6 3. g3 Bg7 4. Bg2 O-O 5. Nc3 d6 6. Nf3 Nbd7 7. O-O e5 8. e4 exd4 9. Nxd4 Re8 10. h3 a6 11. Be3 Rb8 12. a4 a5 13. Ndb5 Ne5 14.
b3 h5 15. f4 Ned7 16. Qc2 b6 17. Rad1 Bb7 18. Rfe1 Qc8 19. Nd5 Nxd5 20. cxd5 Nc5 21. Bd4 Qd7 22. Bxg7 Kxg7 23. Nd4 Re7 24. e5 Rbe8 25.
e6 fxe6 26. dxe6 Qc8 27. Bxb7 Qxb7 28. f5 Rf8 29. fxg6 Qd5 30. Rf1 Rxf1+ 31. Kxf1 Qh1+ 32.
Kf2 Qh2+ 33. Kf3 Qxc2 34. Nxc2 Rxe6 35. Nd4 Rxg6 36. g4 hxg4+ 37. hxg4 Kf7 38. Rh1 Rf6+ 39. Ke3 Kg6 40. Rh8 Rf7 41. Re8 Rh7 42. Kf4 Rh3 43. Rg8+ Kf7 44. Rc8 Rd3 45. Rxc7+ Kf6 46. Nf5 Ne6+ 47.
Ke4 Rxb3 48. Rc6 Nc5+ 49. Kd5 Nxa4 50. Nxd6 Rd3+ 51. Ke4 Nc5+ 52. Kf4 Ne6+ 53. Ke4 Rd4+ 54. Ke3 Rb4 55. Ne4+ Ke5 56. Nd2 Nc5 57. Nf3+ Kd5 58.
Rf6 Rxg4 59. Rxb6 a4 60. Rb5 Kc4 61. Ra5 Kb4 62. Ra8 Re4+ 63. Kd2 Nb3+ 64. Kc2 Re2+ 65.
Kd3 Rf2 66. Nd4 Nc5+ 67. Ke3 Rh2 68. Rb8+ Kc4 69. Nc6 Rh3+ 70. Kd2 a3 71. Ne5+ Kd5 72. Ng4 a2 73. Ne3+ Rxe3 74. Rd8+ Kc4 75. Kxe3 a1=Q 0-1

[Event "*** SCC Grand Prix: Titled Tuesday Blitz"]
[Site "Chess.com"]
[Date "2020.10.13"]
[Round "9"]
[White "zmeeed67"]
[Black "romulocardoso"]
[Result "1-0"]
[WhiteElo "2357"]
[BlackElo "2103"]
[TimeControl "180+1"]
[EndTime "11:46:13 PDT"]
[Termination "zmeeed67 won by checkmate"]

1. e4 c5 2. g3 d6 3. Bg2 Nc6 4. Ne2 Nf6 5. O-O g6 6. Nbc3 Bg7 7. a3 O-O 8. Rb1 a6 9. b4 cxb4 10. axb4 Bd7 11. b5 axb5 12. Nxb5 Qa5 13. d3 Nb4 14. Nbc3 Na2 15. Nxa2 Qxa2 16. Rxb7 Ba4 17. Rb2 Qe6 18. Nf4 Qd7 19. Ra2 Rac8 20. Qe2 Rc7 21. c4 Rb8 22. h3 Ra7 23. Be3 Ne8 24. Bxa7 Qxa7 25. Nd5 Rb7 26. Kh2 Nf6 27. Nc3 Ng4+ 28. Qxg4 Bxc3 29. Qc8+ Kg7 30. Rxa4 Qxa4 31. Qxb7 Qc2 32. Qd5 Be5 33. Kg1 e6 34. Qc6 Qxd3 35. f4 Qd4+ 36. Kh2 Bf6 37. f5 Be5 38. f6+ Bxf6 39. Rxf6 Kxf6 40. e5+ Qxe5 41. Qf3+ Kg7 42. h4 h5 43. Qd3 f5 44.
Bf3 Kh6 45. Kg2 g5 46. Kf2 gxh4 47. gxh4 Qh2+ 48. Ke3 Qe5+ 49. Kd2 Qh2+ 50. Kc3 Qxh4 51. Qxd6 Qf6+ 52. Qd4 e5 53. Qd2+ Kg6 54. Bd5 e4+ 55. Qd4 Qg5 56. c5 Qc1+ 57. Kb4 Qb1+ 58. Bb3 Qe1+ 59. Qc3 Qf2 60. c6 Qb6+ 61. Ka3 Qa6+ 62.
Ba4 Qc8 63. c7 e3 64. Bd7 Qa6+ 65. Kb2 Qb7+ 66. Kc2 e2 67. c8=Q Qe4+ 68. Kb3 e1=Q 69.
Qg8+ Kh6 70. Qcg7# 1-0

[Event "*** SCC Grand Prix: Titled Tuesday Blitz"]
[Site "Chess.com"]
[Date "2020.10.13"]
[Round "9"]
[White "anpospan"]
[Black "jacky72"]
[Result "0-1"]
[WhiteElo "2379"]
[BlackElo "2551"]
[TimeControl "180+1"]
[EndTime "11:46:14 PDT"]
[Termination "jacky72 won on time"]

1. Nf3 Nf6 2. g3 g6 3. Bg2 Bg7 4. O-O O-O 5. d4 d6 6. Nc3 c6 7. e4 Nbd7 8. e5 Nd5 9. Nxd5 cxd5 10. exd6 exd6 11. Bf4 Nf6 12. c3 Ne4 13. Qb3 Be6 14.
Nd2 Rb8 15. Nxe4 dxe4 16. d5 Bf5 17. Rfe1 Re8 18. Qb4 Be5 19. Bxe5 Rxe5 20. Rad1 Qe7 21. Qd4 b6 22. Re3 Re8 23. Rde1 h5 24. h3 Qd7 25.
Kh2 Qe7 26. c4 Qf6 27. b4 Qe7 28. a4 Kh7 29. a5 bxa5 30. bxa5 Kg8 31. a6 Kh7 32.
Rb1 Bc8 33. Rb8 Bxa6 34. Rxe8 Qxe8 35. Qxa7 Bxc4 36. Qc7 Bxd5 37. Qxd6 f5 38. f4 Re7 39.
Qxd5 Rd7 40. Qe5 Qxe5 41. fxe5 Re7 42. h4 Rxe5 43. Bf1 Kg7 44. Kg2 Kf6 45. Ra3 Rc5 46. Ra6+ Kf7 47. Ra7+ Kf6 48. Ra6+ Kf7 49. Kf2 Rc2+ 50.
Be2 Rc3 51. Ra7+ Kf6 52. Ra6+ Kg7 53. Bb5 Rf3+ 54. Kg2 Kf7 55. Bc4+ Kg7 56. Bb5 Rb3 57. Be8 Rb2+ 58. Kh3 e3 59. Bxg6 e2 60. Re6 Rb6 61.
Rxe2 Kxg6 62. Re3 Ra6 63. Rb3 Rc6 64. Ra3 Rd6 65. Rb3 Kf6 66. Ra3 Ke5 67. Re3+ Kd4 68.
Re8 Rh6 69. Kg2 Rb6 70. Kf3 Rg6 71. Rh8 Ke5 72. Rxh5 Rg7 73. Rg5 Ra7 74. g4 Ra3+ 75.
Kf2 Ra2+ 76. Ke3 Ra3+ 77. Kd2 Kf4 78. gxf5 Rh3 79. f6 Ke4 80. f7 Rf3 81. Rg7 Ke5 82. h5 Ke6 83. h6 Rxf7 84. h7 Rf2+ 85. Ke3 Rh2 86. h8=Q Rxh8 87. Rg6+ Kf5 88. Rg3 Re8+ 89. Kf3 Ra8 90. Kg2 Ra2+ 91. Kh3 Ra1 0-1

[Event "*** SCC Grand Prix: Titled Tuesday Blitz"]
[Site "Chess.com"]
[Date "2020.10.13"]
[Round "9"]
[White "Hikaru"]
[Black "ViditYT"]
[Result "1/2-1/2"]
[WhiteElo "3198"]
[BlackElo "2879"]
[TimeControl "180+1"]
[EndTime "11:46:18 PDT"]
[Termination "Game drawn by repetition"]

1. e4 e5 2. Nf3 Nc6 3. Bb5 Nf6 4.
d3 Bc5 5. Bxc6 dxc6 6. Nbd2 Be6 7. Nb3 Bb6 8. Ng5 Bg4 9. f3 Bc8 10. f4 Ng4 11. Qe2 exf4 12. Bxf4 Qf6 13. Rf1 Nxh2 14. Bxh2 Qxg5 15. Bf4 Qg6 16. Be3 Be6 17. Nc5 O-O-O 18.
a4 Bxc5 19. Bxc5 a6 20. Qf2 Qh5 21. Kd2 Rhe8 22. a5 Qg6 23. Kc3 f6 24. b3 Bg4 25.
Kb2 Re5 26. Bd4 Re6 27. Bc3 Kb8 28. Ra4 h5 29. Rb4 Qe8 30. Rc4 Qe7 31. Bb4 Qd7 32. Bc3 Qe8 33. Qc5 Red6 34. Bd4 Kc8 35. Be3 Qe5+ 36.
Qxe5 fxe5 37. Rc5 Re6 38. Bd2 Rde8 39. Bc3 R8e7 40. Rf8+ Re8 41. Rxe8+ Rxe8 42. Bxe5 g6 43. Bg3 Be6 44. Rg5 Bf7 45. Bh4 Rf8 46. Rg3 Be8 47.
Rf3 Rxf3 48. gxf3 Bd7 49. b4 Bh3 50. f4 Kd7 51. c4 b6 52. Kc3 b5 53. cxb5 cxb5 54.
d4 Bg2 55. Kd3 c6 56. Ke3 Ke6 57. Bd8 Bh1 58. Bh4 Bg2 59. Bg3 Bh1 60. Bh2 Bg2 61. Bg3 Bh1 62. Bf2 Bg2 63. Be1 Bh1 64. Bc3 Bg2 65. Bb2 h4 66. f5+ gxf5 67. exf5+ Kxf5 68.
Kf2 Bd5 69. Bc1 Ke4 70. Bh6 Kxd4 71. Bf8 Kc4 72. Kg1 Be6 73. Bc5 Kd5 74. Kh2 Ke4 75. Kg2 h3+ 76. Kh2 Kd3 77. Bf8 Bd7 78. Bc5 Kc4 79. Bf8 Kd5 80. Bc5 Bc8 81. Bf8 Ke4 82. Bc5 Kf5 83. Kg3 Ke4 84. Kh2 Kd3 85. Bf8 Kc4 86. Bc5 Kb3 87. Kg3 Kc4 88. Kh2 Kd5 89.
Bf8 Kc4 90. Bc5 1/2-1/2

[Event "*** SCC Grand Prix: Titled Tuesday Blitz"]
[Site "Chess.com"]
[Date "2020.10.13"]
[Round "9"]
[White "annazero"]
[Black "AliKa2810"]
[Result "1-0"]
[WhiteElo "2396"]
[BlackElo "2594"]
[TimeControl "180+1"]
[EndTime "11:46:19 PDT"]
[Termination "annazero won by resignation"]

1. d4 Nf6 2. Nf3 g6 3. g3 Bg7 4. Bg2 O-O 5. O-O d5 6. c4 dxc4 7. Na3 c3 8. bxc3 c5 9. Qb3 Nc6 10. Rd1 Qc7 11. Bf4 Qa5 12. Ne5 Nxe5 13. Bxe5 Be6 14.
d5 Bg4 15. f3 Bd7 16. c4 Ba4 17. Qb2 Bxd1 18. Rxd1 Rfd8 19. Nb5 Rac8 20. Bh3 e6 21. Bxf6 Bxf6 22. Qxf6 Rc6 23. Kf2 exd5 24. Qc3 Qxc3 25. Nxc3 d4 26. Nd5 Kf8 27. Rb1 b6 28. f4 Rb8 29.
Bg2 Rd6 30. Ke1 f5 31. Kd2 Kf7 32. e3 dxe3+ 33. Kxe3 Re8+ 34. Kf2 Ree6 35. Bf3 Re8 36. Rb2 Red8 37. Re2 Re8 38. Rd2 Red8 39. Rb2 Re8 40. a4 Red8 41. a5 bxa5 42. Rb5 a4 43. Ra5 Rb8 44.
Rxa7+ Kg8 45. Rxa4 Rb2+ 46. Kf1 Re6 47. Nc3 Re3 48.
Bd5+ Kf8 49. Ra8+ Ke7 50. Ra7+ Kd8 51. Nd1 Rb1 52. Kf2 Rd3 53. Ra8+ Kc7 54. Ra7+ Kb8 55.
Ra8+ Kc7 56. Bf3 Rdxd1 57. Bxd1 Rxd1 58. Ra7+ Kd6 59. Rxh7 Rd4 60. Rh6 Rxc4 61. Rxg6+ Kd5 62. Rf6 Rc2+ 63. Ke3 Rxh2 64. Rxf5+ Kd6 65. Rf6+ Kd5 66.
Rf8 c4 67. Rc8 Rg2 68. Kf3 Rg1 69. Kg4 Kd4 70. Kh4 c3 71. g4 Ke3 72. f5 Kf4 73.
Rc4+ Ke5 74. Rxc3 Kf6 75. Rc6+ Kg7 76. Kg5 Kf7 77. Rc7+ Kf8 78. Kf6 Kg8 79. g5 Ra1 80. Rc8+ 1-0

[Event "*** SCC Grand Prix: Titled Tuesday Blitz"]
[Site "Chess.com"]
[Date "2020.10.13"]
[Round "9"]
[White "chenxiaoyuer"]
[Black "karwowskikacper"]
[Result "1-0"]
[WhiteElo "2523"]
[BlackElo "2340"]
[TimeControl "180+1"]
[EndTime "11:46:19 PDT"]
[Termination "chenxiaoyuer won by resignation"]

1. e4 c5 2. Nf3 Nc6 3. d4 cxd4 4. Nxd4 g6 5. Nc3 Bg7 6. Nb3 Nf6 7. Be2 O-O 8. O-O d6 9. Bg5 a6 10. a4 b6 11. f4 Bb7 12. Bf3 Nd7 13. Bh4 Nc5 14.
Bf2 Nb4 15. Qd2 Rc8 16. Nd4 d5 17.
e5 Ne4 18. Qe1 a5 19. Nxe4 dxe4 20. Bxe4 Ba6 21. c3 Nd5 22. Nb5 Nxf4 23. Rd1 Qe8 24.
Bxb6 Ne6 25. Bd3 Nc5 26. Bxc5 Rxc5 27. e6 f5 28. Nc7 Rxc7 29. Bxa6 Qb8 30. Bb5 Qb6+ 31.
Kh1 f4 32. Rd7 Qc5 33. Qe4 f3 34. Rxf3 Rxf3 35. Qxf3 h5 36. Rd8+ Kh7 37. Rd1 Qe5 38. Qe2 Qf6 39. Rf1 Qg5 40. Qe4 Kh6 41. Bd3 Rc5 42. h4 Qf5 43. Rxf5 gxf5 44. Qf3 Kg6 45.
Bxf5+ Rxf5 46. Qe4 Be5 47. Kg1 Kf6 48. g4 hxg4 49.
Qxg4 Kxe6 50. h5 Bf4 51. Qg6+ Rf6 52. Qe4+ Kf7 53. Qd5+ Kg7 54. Qxa5 e6 55. Kg2 Rf5 56. Qa7+ Kf6 57. Qb7 Rxh5 58. Kf3 Be5 59. Ke4 Rh4+ 60. Kd3 Rh2 61. Kc4 Rh4+ 62. Kb3 Bd6 63. a5 Rh5 64. a6 Bc5 65. a7 Bxa7 66. Qxa7 Rb5+ 67. Kc2 Rf5 68. Qd4+ Ke7 69. Qe4 Rg5 70. Kb3 Kd6 71. Ka3 Ra5+ 72. Kb4 Ra7 73. Kc4 Rc7+ 74. Kd3 Rf7 75.
b4 Rd7 76. Qd4+ Kc7 77. Qxd7+ Kxd7 78. Ke4 Kd6 79. c4 Kd7 80. b5 Ke7 81. Kd4 Kd7 82. c5 Ke7 83. Ke5 Kd7 84. c6+ Ke7 85. b6 Ke8 86. c7 Kd7 87. Kf6 Kc8 88. Kxe6 Kb7 89.
Kd7 Kxb6 90. c8=Q 1-0

[Event "*** SCC Grand Prix: Titled Tuesday Blitz"]
[Site "Chess.com"]
[Date "2020.10.13"]
[Round "9"]
[White "Matveev_Vladimir"]
[Black "Fh2411"]
[Result "1-0"]
[WhiteElo "2691"]
[BlackElo "2522"]
[TimeControl "180+1"]
[EndTime "11:46:27 PDT"]
[Termination "Matveev_Vladimir won on time"]

1. d4 d5 2. c4 c6 3. Nf3 Nf6 4. Qc2 g6 5. Bf4 Bf5 6. Qb3 Qb6 7. Nbd2 Nbd7 8. e3 Ne4 9. Be2 Ndf6 10. c5 Qxb3 11. axb3 Nxd2 12. Nxd2 a6 13. b4 Rd8 14.
Nb3 Bg7 15. O-O O-O 16. Na5 Bc8 17. Bc7 Rd7 18. Be5 Ne4 19. Bxg7 Kxg7 20. f3 Nf6 21. Bd3 Re8 22. f4 Rc7 23. h3 Bf5 24. Be2 h5 25. Nb3 h4 26. Nd2 Ne4 27. Nf3 Rh8 28. Rfe1 Ng3 29.
Ne5 f6 30. Nf3 Be4 31. Nd2 e5 32. fxe5 fxe5 33. Nxe4 Nxe4 34. Bd3 Ng3 35. e4 dxe4 36. Bxe4 exd4 37. Bf3 Rd8 38. Rad1 Rf7 39. Re6 d3 40. Rd2 Rdd7 41. Re3 Rd4 42. Rexd3 Rxb4 43. Rd7 Rf4 44. Kf2 Ne4+ 45. Ke3 Nxd2 46. Rxd2 Rb4 47. Rc2 Re7+ 48. Kf2 Rd4 49. b3 Kf6 50. Rc3 Rd2+ 51. Kf1 Kg5 52. Rc4 Re5 53. Rg4+ Kf6 54. Rxh4 Rb2 55. Rf4+ Rf5 56.
Rb4 Re5 57. Rxb7 Rxc5 58. Kg1 Rc3 59. Rb6 Rbxb3 60. Rxa6 Rb1+ 61. Kh2 Rbc1 62. Kg3 R1c2 63. Kf4 Rc5 64. h4 R2c4+ 65. Kg3 Rc3 66. Kg4 Ke5 67. Kg5 Kd4+ 68. Kxg6 R5c4 69. h5 Rc5 70. h6 Re5 71. h7 Re8 72. Bxc6 Rd8 73. Bf3 Rc5 74.
Rf6 Rc7 75. Rf7 Rd6+ 76. Kg7 Rxf7+ 77. Kxf7 Rd7+ 78. Kg6 Rd8 79. Bg4 Ke5 80. Kg7 Kf4 81. Bh3 Kg3 82. h8=Q Rxh8 83. Kxh8 1-0

[Event "*** SCC Grand Prix: Titled Tuesday Blitz"]
[Site "Chess.com"]
[Date "2020.10.13"]
[Round "9"]
[White "Anton_Demchenko"]
[Black "Sanan_Sjugirov"]
[Result "0-1"]
[WhiteElo "2822"]
[BlackElo "2906"]
[TimeControl "180+1"]
[EndTime "11:46:29 PDT"]
[Termination "Sanan_Sjugirov won by resignation"]

1. d4 Nf6 2. Nf3 e6 3. Bf4 c5 4. e3 cxd4 5. exd4 b6 6. a4 a6 7. Nbd2 Bb7 8. Bd3 Be7 9. O-O O-O 10. h3 d6 11. Re1 Nbd7 12. Bh2 Qc7 13. Qe2 h6 14. c4 a5 15. Nb1 Rfe8 16. Nc3 Qd8 17. Nb5 Nb8 18. Rad1 Na6 19. Bb1 Nb4 20. c5 Ba6 21. b3 Nbd5 22. cxd6 Bxd6 23. Bxd6 Bxb5 24. Qxb5 Qxd6 25. Rc1 Rec8 26. Ne5 Qa3 27. Nc4 Qe7 28. Ne5 Rxc1 29. Rxc1 Qa3 30. Qc4 Rf8 31. Re1 Qb4 32. Qxb4 Nxb4 33. Rc1 Rd8 34. Nc6 Nxc6 35. Rxc6 g6 36.
Rxb6 Rxd4 37. Kh2 Rd1 38. Bc2 Rd2 39. Bb1 Rxf2 40. b4 axb4 41. a5 Rb2 42. Bd3 Ra2 43.
a6 Nd5 44. Rb7 Nf4 45. Bc4 Ra5 46. Rxb4 Kg7 47. Rb2 Nd5 48. Ra2 Rxa2 49. Bxa2 Nc7 50. a7 Kf6 51. Kg3 Ke5 52. Kf3 Kd4 53. h4 Kc5 54. g4 Kb6 55. Kf4 f6 56. Bb1 g5+ 57. hxg5 hxg5+ 58. Ke4 Kxa7 59. Kd4 Kb6 60. Be4 Kb5 61. Bb7 Kb4 62. Be4 Nb5+ 63. Ke3 Kc5 64. Bg6 Kd6 65. Bh7 Nc7 66. Kf3 Ke5 67. Kg3 Nd5 68. Bg8 Nc3 69. Bh7 Nb5 70. Kf3 Nd4+ 71. Kg3 Kd5 72. Bb1 e5 73. Ba2+ Ke4 74. Kf2 Kf4 75. Bd5 Kxg4 76. Bb7 Kf4 77. Bc8 e4 78. Bd7 e3+ 79. Ke1 Ke4 80. Kf1 Kd3 81. Ke1 Nf3+ 82.
Kf1 e2+ 83. Kf2 e1=Q+ 84. Kxf3 Qe3+ 85. Kg4 Qf4+ 0-1

[Event "*** SCC Grand Prix: Titled Tuesday Blitz"]
[Site "Chess.com"]
[Date "2020.10.13"]
[Round "9"]
[White "AlexSuv"]
[Black "ExcitingTrap"]
[Result "1-0"]
[WhiteElo "2542"]
[BlackElo "2322"]
[TimeControl "180+1"]
[EndTime "11:46:33 PDT"]
[Termination "AlexSuv won by resignation"]

1. d4 Nf6 2. c4 g6 3. Nc3 Bg7 4. e4 d6 5. Nf3 O-O 6. Be2 e5 7. Be3 Nc6 8. d5 Ne7 9. Nd2 Ne8 10. c5 f5 11. f3 f4 12. Bf2 g5 13.
Nc4 Nf6 14. Qb3 g4 15. Qa3 dxc5 16. Bxc5 Ng6 17. Bxf8 Bxf8 18. Qb3 Bd6 19. O-O-O Bd7 20. Nb5 Qe7 21. Nbxd6 cxd6 22. Qa3 Ne8 23. fxg4 Rc8 24. Kb1 b5 25. Na5 Nf6 26. Qb4 Nxg4 27. Nc6 Qf8 28. Bxg4 Bxg4 29. Rc1 a6 30. Qa3 Ra8 31. Qa5 Qf7 32. Nd8 Qd7 33. Ne6 Bxe6 34. dxe6 Qxe6 35. Rhd1 Nh4 36. Qc7 Qg6 37. Rxd6 Qxe4+ 38. Ka1 Nf5 39. Rf6 Nd4 40. Qf7+ Kh8 41. Qc7 Rg8 42. h4 a5 43.
h5 a4 44. h6 a3 45. Qc3 axb2+ 46. Qxb2 Ne2 47. Re1 f3 48. gxf3 Qh4 49. Qxe2 Qxf6 50. Qxe5 Qxe5+ 51. Rxe5 Rg1+ 52. Kb2 Kg8 53. Rxb5 Kf7 54.
Rb7+ Kf6 55. Rxh7 Rg2+ 56. Kb3 Rf2 57. a4 Rxf3+ 58. Kb4 Rf4+ 59. Kb5 Rf5+ 60. Kb6 Kg6 61. Rh8 Rf6+ 62. Kc5 Rf5+ 63. Kb4 Rf4+ 64. Kb3 Rf3+ 65. Kc2 Rf2+ 66. Kd3 Ra2 67. Ra8 Kxh6 68. a5 Kg6 69. a6 Kf6 70. Kc4 Ke7 71. Kb3 Ra5 72. a7 Kd7 73.
Rh8 Rb5+ 74. Kc4 Ra5 75. a8=Q Rxa8 76. Rxa8 1-0

[Event "*** SCC Grand Prix: Titled Tuesday Blitz"]
[Site "Chess.com"]
[Date "2020.10.13"]
[Round "9"]
[White "BeanScreen"]
[Black "MPGM"]
[Result "1/2-1/2"]
[WhiteElo "2693"]
[BlackElo "2440"]
[TimeControl "180+1"]
[EndTime "11:46:50 PDT"]
[Termination "Game drawn by repetition"]

1. e4 e5 2. Nf3 Nc6 3. Bc4 Nf6 4.
d3 Bc5 5. c3 d6 6. Nbd2 O-O 7.
Nf1 h6 8. Ng3 a6 9. a4 Be6 10.
Bxe6 fxe6 11. O-O Qd7 12. Be3 Bxe3 13. fxe3 Rf7 14. d4 Raf8 15. Qe2 Kh7 16. Rad1 Qc8 17. b4 Nd7 18. b5 axb5 19. axb5 Ne7 20. Qc4 Nb6 21.
Qd3 Ng6 22. Rf2 Qa8 23. Rdf1 Kg8 24. h3 Qa4 25. h4 Qc4 26. Qc2 exd4 27. exd4 Nf4 28.
e5 Nbd5 29. exd6 Ne3 30. Qb1 Nxf1 31. Ne5 Qxc3 32. Ne4 Qxd4 33. Nxf7 Nd3 34. dxc7 Nxf2 35. Nxf2 Kxf7 36. Qxf1 Kg8 37. Qe1 Kh8 38. g3 Qc5 39.
Kg2 Qxc7 40. Qxe6 Qc5 41. Qe2 b6 42. Ng4 Rf5 43. Qe8+ Kh7 44. Qe4 Qxb5 45. Ne3 g6 46. Qe7+ Kg8 47. Nxf5 Qxf5 48. Qd8+ Kg7 49. Qc7+ Qf7 50.
Qxb6 Qd5+ 51. Kh2 Qf7 52. Qd4+ Kh7 53. Qd2 h5 54. Kg2 Kg7 55. Qb2+ Qf6 56. Qb7+ Kh6 57. Qc8 Kh7 58. Qe8 Kg7 59. Qd7+ Kh6 60. Qd5 Kg7 61. Qa8 Qe6 62. Qb8 Kf6 63. Qf8+ Ke5 64. Qg7+ Ke4 65. Qb7+ Qd5 66. Qe7+ Kd3+ 67. Kh2 Qf5 68. Qd6+ Ke2 69. Qa6+ Kf3 70. Qf1+ Ke4 71. Qb1+ Ke5 72. Qb5+ Kf6 73. Qc6+ Qe6 74. Qc3+ Kf7 75. Kg2 Qd5+ 76. Qf3+ Ke6 77. Kf2 Qxf3+ 78. Kxf3 Kf5 79. Ke3 Kg4 80. Kf2 Kh3 81. Kf3 Kh2 82. Kf2 Kh3 83. Kf3 Kh2 84. Kf2 Kh1 85. Kf3 Kh2 1/2-1/2

[Event "*** SCC Grand Prix: Titled Tuesday Blitz"]
[Site "Chess.com"]
[Date "2020.10.13"]
[Round "9"]
[White "vladislavkovalev"]
[Black "tornikesanikidze"]
[Result "1/2-1/2"]
[WhiteElo "2855"]
[BlackElo "2708"]
[TimeControl "180+1"]
[EndTime "11:46:52 PDT"]
[Termination "Game drawn by repetition"]

1. e4 e5 2. Nf3 Nc6 3. Bc4 Bc5 4. c3 Nf6 5. d4 exd4 6. cxd4 Bb4+ 7. Nbd2 Nxe4 8. O-O Nxd2 9. Re1+ Be7 10. Bxd2 d5 11.
Bb5 O-O 12. Bxc6 bxc6 13. Ne5 Bd7 14. Rc1 Rb8 15. b3 Rb6 16. Ba5 Rb5 17. Bd2 Bd6 18.
Qh5 c5 19. dxc5 Rxc5 20. Rxc5 Bxc5 21. Nd3 Bb6 22. Qxd5 Be6 23. Qf3 Qd5 24. Qxd5 Bxd5 25. Be3 Re8 26. Rd1 Bb7 27. Ne5 Bxe3 28. fxe3 f6 29.
Nc4 Ba6 30. Kf2 Bxc4 31. bxc4 Re6 32. Rd8+ Kf7 33. Rd7+ Re7 34. Rd5 Re5 35. Rxe5 fxe5 36. Kf3 Ke6 37. Ke4 h5 38. h4 g6 39. a4 Kd6 40. a5 Ke6 41. a6 Kd6 42. Kf3 Kc5 43.
Ke4 Kd6 44. Kf3 Kc5 45. Ke4 Kxc4 46. Kxe5 c5 47. e4 Kd3 48. Kd6 c4 49. e5 c3 50.
e6 c2 51. e7 c1=Q 52. e8=Q Qa3+ 53. Ke5 Qxa6 54. Kf4 Qf6+ 55. Kg3 Qd6+ 56. Kh3 a5 57. Qb5+ Kd4 58. Qxa5 Qd5 59. Qa1+ Ke4 60. Qb1+ Kd4 61. Qxg6 Qe5 62. Qg3 Kd5 63. Qg5 Ke4 64. Qg6+ Qf5+ 65. Qxf5+ Kxf5 66. Kg3 Ke4 67. Kf2 Kf4 68. g3+ Ke4 69.
Ke2 Ke5 70. Ke3 Kf5 71. Kf3 Ke5 72. Kf2 Ke4 73. Ke2 Ke5 74. Kd3 Kd5 75. Ke3 Ke5 76.
Ke2 Ke4 77. Kf2 Ke5 78. Kf3 Kf5 79. Ke3 Ke5 80. Kd3 Kd5 81. Kd2 Kd4 82. Ke2 Ke4 83.
Kf2 Ke5 84. Kg2 Ke4 85. Kh3 Kf5 86. Kh2 Ke5 87. Kg2 Ke4 88. Kf2 1/2-1/2

[Event "*** SCC Grand Prix: Titled Tuesday Blitz"]
[Site "Chess.com"]
[Date "2020.10.13"]
[Round "9"]
[White "Alexandercs432"]
[Black "Sesleria"]
[Result "1/2-1/2"]
[WhiteElo "2136"]
[BlackElo "2028"]
[TimeControl "180+1"]
[EndTime "11:47:10 PDT"]
[Termination "Game drawn by 50-move rule"]

1. e4 c5 2. Nf3 d6 3. d4 cxd4 4.
Nxd4 Nf6 5. Nc3 a6 6. Be3 e6 7.
g4 h5 8. g5 Ng4 9. Bc1 Nc6 10.
Nxc6 bxc6 11. f3 Ne5 12. Be3 Rb8 13. Rb1 Be7 14. h4 g6 15. Be2 c5 16. O-O O-O 17. f4 Nc6 18. Bf3 e5 19. f5 gxf5 20.
Bxh5 f4 21. Bf2 Bh3 22. Re1 Bxg5 23. Kh1 Bxh4 24. Rg1+ Kh7 25. Qe2 Qf6 26. Nd5 Qh6 27. Bxh4 Nd4 28. Nf6+ Qxf6 29. Bxf6 Nxe2 30. Bxe2 Rg8 31.
Rxg8 Rxg8 32. Rg1 Rg6 33. Rxg6 Kxg6 34. Be7 Be6 35. Bxd6 Bxa2 36. Bxe5 Bb1 37. Bd1 f3 38. Kg1 f5 39. exf5+ Kxf5 40. Bd6 c4 41. Kf2 Ke4 42.
Bxf3+ Kd4 43. Bd1 Ba2 44. Bb8 Bb1 45. Ke1 c3 46. b3 Ke3 47. Ba7+ Ke4 48. Ke2 Kd5 49. Kd3 Kc6 50. Kxc3 Kb5 51. Bd4 a5 52. Bf6 a4 53. Be2+ Ka5 54. bxa4 Kxa4 55. Kb2 Bxc2 56.
Kxc2 Kb4 57. Bd3 Kc5 58. Bc3 Kd5 59. Kd2 Kc5 60. Ke3 Kd5 61. Bd4 Kd6 62. Be4 Ke6 63. Kf4 Kd6 64. Be5+ Ke6 65. Bb8 Ke7 66. Ke5 Kd7 67.
Bd5 Kc8 68. Bd6 Kd7 69. Be6+ Kd8 70. Kd5 Ke8 71. Bf5 Kd8 72. Be6 Ke8 73. Bc5 Kd8 74.
Kd6 Ke8 75. Bb4 Kd8 76. Bc3 Ke8 77. Bd4 Kd8 78. Be3 Ke8 79. Bd5 Kd8 80. Bg5+ Ke8 81. Bf6 Kf8 82. Be6 Ke8 83. Bd5 Kf8 84. Ke6 Ke8 85.
Bc6+ Kf8 86. Bd5 Ke8 87. Bc4 Kf8 88. Be5 Ke8 89. Bd6 Kd8 90. Bd5 Ke8 91. Bc6+ Kd8 92. Kd5 Kc8 93. Kc5 Kd8 94. Kb6 Kc8 95. Kc5 Kd8 96. Be5 Kc8 97. Bd4 Kd8 98. Be5 Kc8 99.
Bf4 Kd8 100. Kd6 Kc8 101. Be3 Kd8 102. Bd5 Kc8 103. Be6+ Kd8 104. Bg5+ Ke8 105. Bf6 Kf8 106. Be5 1/2-1/2

[Event "*** SCC Grand Prix: Titled Tuesday Blitz"]
[Site "Chess.com"]
[Date "2020.10.13"]
[Round "9"]
[White "Natalya_Buksa"]
[Black "hungrycaterpillar4"]
[Result "1/2-1/2"]
[WhiteElo "2526"]
[BlackElo "2683"]
[TimeControl "180+1"]
[EndTime "11:47:23 PDT"]
[Termination "Game drawn by repetition"]

1. d4 d5 2. Nc3 Nf6 3. Bf4 e6 4. e3 Bb4 5. Bd3 O-O 6. Ne2 c5 7. dxc5 a6 8. Bd6 Re8 9. a3 Ba5 10. b4 Bc7 11. Bxc7 Qxc7 12. O-O e5 13. Ng3 Be6 14.
Bf5 Nc6 15. Bxe6 fxe6 16. Nh5 Nxh5 17. Qxh5 Rad8 18. Rad1 Rf8 19. Ne2 a5 20. b5 Ne7 21.
b6 Qxc5 22. Qxe5 Qd6 23. Qxd6 Rxd6 24. c4 Rxb6 25. cxd5 Nxd5 26. Rd4 Rb2 27. Ng3 h6 28. h4 b5 29. Ne4 b4 30. axb4 axb4 31. Nc5 Nc3 32.
Rg4 h5 33. Rg5 Rf5 34. Nxe6 Rxg5 35. hxg5 b3 36. Nd4 Ne2+ 37. Nxe2 Rxe2 38. Rb1 b2 39. g3 Kf7 40. Kg2 Ke6 41. Kf3 Rc2 42.
g6 Kf5 43. e4+ Kxg6 44. Ke3 Kg5 45. f4+ Kg4 46. e5 Kxg3 47. e6 Kg4 48. e7 Rc8 49. Rxb2 Kf5 50. Rg2 Kf6 51. Rg5 g6 52. Kf3 Re8 53.
Ra5 Rxe7 54. Ra6+ Re6 55. Ra5 Rb6 56. Rc5 Rb3+ 57. Kg2 h4 58. Ra5 Rg3+ 59. Kf2 Kg7 60. Rg5 Rb3 61. f5 Kf6 62. Rxg6+ Kxf5 63. Rh6 Kg4 64.
Kg2 Rb2+ 65. Kh1 Kh3 66. Kg1 Rg2+ 67. Kf1 Rg7 68. Rf6 Kh2 69. Rf2+ Kh1 70. Rf3 Rg3 71. Rf4 h3 72. Rf8 Rg7 73. Kf2 Rg2+ 74. Kf1 Ra2 75. Rf7 Ra1+ 76. Kf2 Ra3 77. Rf8 Kh2 78. Kf1 Ra7 79. Kf2 Ra6 80. Rf7 Rg6 81. Rf8 Rg2+ 82. Kf1 Rg1+ 83. Kf2 Rg3 84. Kf1 Rg2 85. Rf7 Rg8 86. Kf2 Kh1 87. Kf1 h2 88. Kf2 Rg2+ 89. Kf1 Rg1+ 90. Kf2 Rg6 91. Kf1 Ra6 92. Kf2 Ra2+ 93.
Kf1 Ra1+ 94. Kf2 Ra2+ 95. Kf1 Ra3 96. Kf2 Ra4 97. Kf1 Rg4 98. Kf2 Rg6 99. Kf1 Rg8 100.
Kf2 Ra8 101. Kf1 Ra2 102. Rf8 Rg2 103. Rf7 Ra2 104. Rf8 Ra7 105. Kf2 Ra2+ 106. Kf1 1/2-1/2

[Event "*** SCC Grand Prix: Titled Tuesday Blitz"]
[Site "Chess.com"]
[Date "2020.10.13"]
[Round "10"]
[White "iwanyu"]
[Black "exoticprincess"]
[Result "1-0"]
[WhiteElo "2835"]
[BlackElo "2866"]
[TimeControl "180+1"]
[EndTime "11:49:01 PDT"]
[Termination "iwanyu won by resignation"]

1. e4 c5 2. Nf3 e6 3. d4 cxd4 4. Nxd4 Nf6 5. Nc3 Bb4 6. e5 Nd5 7. Qg4 Kf8 8. Bd2 h5 9. Qe4 Qb6 10. Nxd5 Bxd2+ 11. Kxd2 exd5 12. Qxd5 Qxb2 13. Qc5+ Kg8 14.
Qxc8+ Kh7 15. Bd3+ 1-0

[Event "*** SCC Grand Prix: Titled Tuesday Blitz"]
[Site "Chess.com"]
[Date "2020.10.13"]
[Round "10"]
[White "Beca95"]
[Black "Parhamov"]
[Result "1/2-1/2"]
[WhiteElo "2935"]
[BlackElo "2983"]
[TimeControl "180+1"]
[EndTime "11:49:30 PDT"]
[Termination "Game drawn by agreement"]

1. d4 Nf6 2. c4 e6 3. Nf3 d5 4. Nc3 Bb4 5. Bg5 dxc4 6. e4 h6 7. Bxf6 Qxf6 8. Bxc4 c5 9. O-O cxd4 10. e5 Qd8 11. Ne4 Nc6 12. a3 Be7 13. Qe2 a6 1/2-1/2